Map: Blueshift LE

Players

Ozzzzysh

  • Race: Zerg Zerg
  • Spawn Location: 1:00

Cheater 1 (Resources) - Winner!

  • Race: Zerg Zerg
  • Spawn Location: 7:00

VOD

Have the link to the VOD?

Description

Time

  • Played on: April 20, 2019, 6:17 p.m.
  • Length: 4:02
Show
View Real Time Build Order
Export as new Build Order

Ozzzzysh Zerg 

Build Orders: Pool First 

Get SALT Encoding   

  12  0:00  Drone  
  13  0:13  Overlord  
  13  0:16  Drone  
  14  0:26  Drone, Extractor  
  14  0:31  Drone  
  14  0:35  Drone  
  16  0:45  Drone  
  17  0:54  Spawning Pool  
  16  0:57  Drone  
  17  1:07  Drone  
  18  1:17  Drone  
  19  1:28  Drone  
  20  1:36  Hatchery  
  19  1:44  Queen  
  21  1:51  Overlord  
  21  1:55  Drone  
  22  2:09  Drone  
  22  2:13  Drone  
  24  2:20  Lair  
  24  2:21  Extractor  
  23  2:24  Drone  
  24  2:33  Drone  
  25  2:48  Drone x2  
  27  2:54  Hatchery  
  27  2:57  Drone x2  
  27  2:58  Drone  
  29  3:03  Drone  
  29  3:05  Drone  
  31  3:15  Queen  
  31  3:19  Drone  
  34  3:21  Drone  
  35  3:30  Drone  
  35  3:31  Hydralisk Den  
  35  3:32  Drone  
Show
View Real Time Build Order
Export as new Build Order

Cheater 1 (Resources) Zerg - Winner!

Build Orders: Pool First 

Get SALT Encoding   

  12  0:00  Drone  
  13  0:12  Overlord  
  13  0:16  Drone  
  14  0:30  Drone x2  
  14  0:34  Drone  
  17  0:47  Spawning Pool  
  17  0:48  Drone  
  17  1:10  Hatchery  
  16  1:13  Drone  
  16  1:15  Extractor  
  16  1:17  Drone  
  17  1:21  Extractor  
  17  1:23  Drone  
  17  1:28  Drone  
  18  1:38  Drone  
  19  1:49  Queen, Overlord  
  21  2:00  Zergling x2  
  22  2:10  Drone  
  23  2:21  Drone  
  23  2:22  Drone  
  25  2:25  Queen  
  27  2:32  Drone x2  
  29  2:43  Roach Warren, Drone  
  29  2:47  Drone  
  30  2:53  Zergling x2  
  30  2:54  Zergling x2  
  32  3:00  Overlord  
  32  3:03  Drone  
  33  3:06  Drone  
  34  3:22  Roach  
  34  3:24  Roach  
  34  3:25  Roach x2  
  42  3:35  Overlord  
  42  3:40  Overlord  
  42  3:42  Zergling x2  
  42  3:45  Zergling x2  
Tags
 
Matchup
ZvZ
Race
Zerg
Spawn Locations
Cross Positions
Add a new tag
Caveats
  • Supply blocks, unpowered buildings, or Contaminate may cause inaccurate times.
  • Supply counts are checked every 10 seconds.